 Dungeon Crawl Stone Soup version 0.20.1-1-g8b1a95d (webtiles) character file.

59 ANON1729 the Firebug (level 4, -2/27 HPs)
             Began as an Octopode Fire Elementalist on Aug 16, 2017.
             Killed from afar by Sigmund (4 damage)
             ... with a puff of flame
             ... on level 2 of the Dungeon.
             The game lasted 00:08:25 (2164 turns).

ANON1729 the Firebug (Octopode Fire Elementalist)   Turns: 2164, Time: 00:08:25

Health: -2/27      AC:  1    Str:  7    XL:     4   Next: 3%
Magic:  8/8        EV: 13    Int: 18    God:
Gold:   43         SH:  0    Dex: 12    Spells: 4/8 levels left

rFire    . . .     SeeInvis .   c - +0 mace
rCold    . . .     Gourm    .   (no shield)
rNeg     . . .     Faith    .   (helmet restricted)
rPois    .         Spirit   .   (no amulet)
rElec    .         Reflect  .   (no ring)
rCorr    .         Harm     .   (no ring)
MR       .....                  (no ring)
Stlth    +++.......             (no ring)
Regen    0.1/turn               (no ring)
MPRegen  0.2/turn               (no ring)
                                (no ring)
                                (no ring)

@: no status effects
A: almost no armour, stealthy swim, amphibious, 8 rings, constrict 8, camouflage
1, gelatinous body 1
a: no special abilities


You were on level 2 of the Dungeon.
You were not hungry.

You visited 1 branch of the dungeon, and saw 2 of its levels.

You collected 43 gold pieces.

Inventory:

Hand Weapons
 c - a +0 mace (weapon)
 e - a +0 dagger
 p - a +0 club
 t - a +0 dagger
Scrolls
 d - a scroll of remove curse {unknown}
 h - a scroll of immolation {unknown}
 s - a scroll of identify {unknown}
Potions
 f - a potion of flight {unknown}
 g - 2 potions of curing
 i - a potion of ambrosia {unknown}
 k - a potion of might {unknown}
 l - a potion of agility {unknown}
 m - a potion of lignification {unknown}
 r - a potion of haste {unknown}
Books
 a - a book of Flames

   Spells                             Type                      Level
   a - Flame Tongue                   Conjuration/Fire             1
   b - Throw Flame                    Conjuration/Fire             2
   c - Conjure Flame                  Conjuration/Fire             3
   d - Inner Flame                    Hexes/Fire                   3
   e - Sticky Flame                   Conjuration/Fire             4
   f - Fireball                       Conjuration/Fire             5
 n - a book of Maledictions

   Spells                             Type                      Level
   a - Corona                         Hexes                        1
   b - Ensorcelled Hibernation        Hexes/Ice                    2
   c - Confuse                        Hexes                        3
   d - Tukima's Dance                 Hexes                        3
   e - Dazzling Spray                 Conjuration/Hexes            3
Comestibles
 b - a bread ration
 j - 2 meat rations
 o - 2 royal jellies
 q - a chunk of flesh


   Skills:
 - Level 2.0 Dodging
 - Level 2.6 Stealth
 + Level 2.8 Spellcasting
 + Level 1.7 Conjurations
 + Level 3.9 Fire Magic


You had 4 spell levels left.
You knew the following spells:

 Your Spells              Type           Power        Failure   Level  Hunger
a - Flame Tongue          Conj/Fire      ##...        5%          1    None
b - Conjure Flame         Conj/Fire      ##......     16%         3    ###....


Dungeon Overview and Level Annotations

Branches:
Dungeon (2/15)

Altars:

Annotations:
D:2 Sigmund


Innate Abilities, Weirdness & Mutations

You cannot wear most types of armour.
You are very stealthy in the water. (Stealth+)
You are amphibious.
You can wear up to eight rings at the same time.
You can use your tentacles to constrict eight enemies at once.
Your skin changes colour to match your surroundings (Stealth+).
Your rubbery body absorbs attacks. (AC +1, EV +1)


Message History

You aren't carrying any items that you can evoke.
Sigmund gestures at you while chanting. The puff of flame hits you!
A hobgoblin comes into view.
Sigmund gestures wildly while chanting.
Sigmund flickers and vanishes!
Deactivating autopickup; reactivate with Ctrl-A.
Found an escape hatch in the floor.
A bat comes into view.
A puff of flame appears from out of thin air!
The puff of flame hits you!
* * * LOW HITPOINT WARNING * * *
A puff of flame appears from out of thin air!
The puff of flame hits you!
* * * LOW HITPOINT WARNING * * *
A hobgoblin comes into view. It is wielding a club.
The hobgoblin shouts!
A puff of flame appears from out of thin air!
The puff of flame hits you!
You die...

....#...................##.......
....#.....{......####..###.......
....##....#...........># #.......
### #..b.#...........####.......
#................'..'.......
#...##...........####.......
#................# ###.....
#................# ###.....
##.........@.....# #.......
######............ #.......
................#.......
.........##......#.......
.........##.......(......
.......g.# .............
.........# ... ........ ........#
... ........ ........


You could see a hobgoblin.

Vanquished Creatures
  An adder (D:2)
  An ooze (D:2)
  A worm (D:2)
  2 dart slugs (D:1)
  A leopard gecko (D:1)
  4 goblins (D:1)
  6 hobgoblins
  A jackal (D:1)
  7 kobolds (D:1)
  8 bats
  A frilled lizard (D:1)
  2 rats (D:1)
35 creatures vanquished.

Notes
Turn   | Place    | Note
-------+----------+-------------------------------------------
     0 | D:1      | ANON1729 the Octopode Fire Elementalist began the quest for the Orb.
     0 | D:1      | Reached XP level 1. HP: 11/11 MP: 3/3
   513 | D:1      | Reached XP level 2. HP: 12/17 MP: 5/5
   898 | D:1      | Reached XP level 3. HP: 21/21 MP: 6/6
  1284 | D:1      | Learned a level 3 spell: Conjure Flame
  1571 | D:2      | Noticed Sigmund
  2072 | D:2      | Reached XP level 4. HP: 21/27 MP: 8/8
  2164 | D:2      | Killed from afar by Sigmund

Action                   |  1- 3 |  4- 6 || total
-------------------------+-------+-------++-------
Melee: Unarmed           |    42 |       ||    42
       Constrict         |    17 |       ||    17
       Tentacles         |    13 |       ||    13
       Mace              |     3 |       ||     3
 Cast: Flame Tongue      |    43 |       ||    43
       Conjure Flame     |     1 |       ||     1
  Use: Potion            |       |     1 ||     1
 Stab: Distracted        |     1 |       ||     1
       Sleeping          |     2 |       ||     2
  Eat: Chunk             |     4 |       ||     4
Armor: Skin              |     9 |       ||     9
Dodge: Dodged            |    50 |       ||    50
